Map: Central Protocol

Players

Serral - Winner!

  • Race: Zerg Zerg
  • League: Grandmaster

FireCake

  • Race: Zerg Zerg
  • League: Master

Event: DreamHack ZOWIE Open Leipzig

VOD

Have the link to the VOD?

Description

Time

  • Played on: Jan. 22, 2016, 10:38 a.m.
  • Length: 4:31

All games in this series

Show
View Real Time Build Order
Export as new Build Order

Serral Zerg - Winner!

Build Orders: Hatch First, Zergling Baneling 

Get SALT Encoding   

  12  0:01  Drone  
  13  0:12  Overlord  
  13  0:17  Drone  
  14  0:30  Drone  
  14  0:32  Drone  
  16  0:36  Drone  
  17  0:52  Hatchery  
  17  0:55  Drone  
  17  0:58  Drone  
  17  1:00  Extractor  
  17  1:13  Spawning Pool  
  17  1:17  Drone  
  17  1:21  Drone  
  18  1:28  Drone  
  19  1:38  Overlord  
  19  2:00  Queen  
  21  2:01  Zergling x2  
  21  2:02  Zergling x2  
  21  2:03  Metabolic Boost  
  21  2:04  Queen  
  21  2:08  Drone  
  26  2:11  Zergling x2  
  27  2:17  Drone  
  28  2:24  Drone  
  28  2:25  Baneling Nest  
  28  2:28  Drone  
  29  2:39  Overlord  
  30  2:44  Zergling x4  
  30  2:47  Zergling x2  
  32  2:53  Zergling x2  
  33  2:59  Zergling x2  
  33  3:04  Zergling x2  
  35  3:09  Zergling x6  
  35  3:10  Zergling x2  
  39  3:13  Baneling x4  
  39  3:15  Baneling  
  39  3:17  Zergling x6  
  42  3:24  Overlord  
  42  3:28  Baneling  
  42  3:29  Zergling x4  
  42  3:37  Zergling x2  
  42  3:39  Baneling  
  40  3:45  Zergling x8  
  40  3:47  Baneling  
  44  3:53  Zergling x4  
  43  4:08  Zergling x4  
  43  4:09  Zergling x4  
  45  4:14  Baneling x3  
Show
View Real Time Build Order
Export as new Build Order

FireCake Zerg 

Build Orders: Pool First 

Get SALT Encoding   

  12  0:00  Drone  
  13  0:07  Drone  
  14  0:16  Overlord  
  14  0:22  Drone, Extractor  
  15  0:34  Drone x2  
  17  0:45  Spawning Pool  
  17  0:47  Drone  
  17  0:54  Drone  
  18  1:11  Hatchery  
  17  1:24  Extractor  
  16  1:30  Drone  
  16  1:31  Queen  
  16  1:32  Zergling x2  
  20  1:34  Drone  
  21  1:42  Overlord  
  21  1:52  Drone  
  22  2:06  Queen  
  22  2:07  Drone  
  25  2:15  Drone  
  26  2:26  Queen  
  26  2:27  Baneling Nest  
  26  2:29  Drone x2  
  29  2:36  Drone x2  
  31  2:42  Drone, Queen  
  34  2:49  Drone x2  
  36  2:54  Overlord  
  36  3:11  Baneling x2  
  36  3:15  Drone x3  
  36  3:17  Evolution Chamber  
  36  3:18  Drone  
  36  3:19  Drone x4  
  43  3:24  Overlord  
  42  3:38  Zergling x8  
  42  3:41  Zergling x4  
  42  3:47  Roach Warren  
  36  4:02  Zergling x4  
  36  4:05  Baneling x4  

Tags
 
Add a new tag
Caveats
  • Supply blocks, unpowered buildings, or Contaminate may cause inaccurate times.
  • Supply counts are checked every 10 seconds.